 Dungeon Crawl Stone Soup version 0.30-a0-711-gf4ac18a38d (webtiles) character file.

Game seed: 568795229172829192

10567 Darius099 the Fighter (level 11, 0/72 HPs)
             Began as a Gargoyle Fighter on Jan 23, 2023.
             Was a High Priest of Okawaru.
             Killed from afar by a deep elf pyromancer (34 damage)
             ... with a bolt of fire
             ... on level 10 of the Dungeon.
             The game lasted 00:29:56 (9600 turns).

Darius099 the Fighter (Gargoyle Fighter)            Turns: 9600, Time: 00:29:57

Health: 0/72       AC: 27    Str: 36    XL:     11   Next: 64%
Magic:  8/9        EV: 11    Int: 10    God:    Okawaru [*****.]
Gold:   547        SH:  6    Dex: 14    Spells: 10/10 levels left

rFire   . . .      SeeInvis +    H - +5 morningstar "Xaxeevumm" {spect, *Noise Dex+6 SInv}
rCold   . . .      Faith    +    c - +0 buckler
rNeg    + . .      Spirit   .    G - +0 plate armour
rPois   ∞          Reflect  .    J - +1 hat
rElec   +          Harm     .    O - +0 cloak
rCorr   .          Rampage  .    K - +0 pair of gloves
Will    .....                    o - +0 pair of boots Stlth
                                 u - amulet of faith
HPRegen 0.32/turn                s - ring of flight
MPRegen 0.11/turn                C - +6 ring of strength

@: flying
A: sickness immunity, AC +8, negative energy resistance 1, electricity
resistance, torment resistance 1, petrification resistance, clever 1, low MP 1,
strong 2
a: Renounce Religion, Heroism, Finesse, Duel


You were on level 10 of the Dungeon.
You worshipped Okawaru.
Okawaru was extremely pleased with you.
You visited 2 branches of the dungeon, and saw 11 of its levels.

You collected 547 gold pieces.

Inventory:

Hand Weapons
 F - a +1 flail of protection
 H - the +5 morningstar "Xaxeevumm" (weapon) {spect, *Noise Dex+6 SInv}
   (Okawaru gifted it to you on level 8 of the Dungeon)

   Dex:       It affects your dexterity (+6).
   SInv:      It lets you see invisible.
   *Noise:    It may make noises in combat.
Armour
 c - a +0 buckler (worn)
 o - a +0 pair of boots (worn)
 G - a +0 plate armour (worn)
 J - a +1 hat (worn)
 K - a +0 pair of gloves (worn)
 O - a +0 cloak (worn)
Jewellery
 g - a ring of see invisible
 s - a ring of flight (left hand)
 u - an amulet of faith (around neck)
 A - an amulet of guardian spirit
 C - a +6 ring of strength (right hand)
 L - a ring of fire
 M - a ring of protection from cold
 P - an amulet of magic regeneration
Wands
 a - a wand of digging (4)
 I - a wand of flame (13)
Scrolls
 b - a scroll of enchant weapon
 e - 5 scrolls of blinking {unknown}
 f - 5 scrolls of teleportation
 i - a scroll of acquirement {unknown}
 k - 4 scrolls of poison
 p - 5 scrolls of magic mapping
 q - 5 scrolls of immolation
 r - a scroll of amnesia {unknown}
 t - a scroll of torment {unknown}
 x - a scroll of fear {unknown}
 y - a scroll of vulnerability {unknown}
 B - 4 scrolls of fog {unknown}
 N - 2 scrolls of identify
Potions
 d - a potion of might
 h - 4 potions of lignification
 j - a potion of heal wounds
 l - 2 potions of attraction
 m - 3 potions of flight
 n - 2 potions of mutation
 v - a potion of ambrosia {unknown}
 w - a potion of degeneration {unknown}
 z - 2 potions of berserk rage {unknown}
 D - 3 potions of brilliance
 E - 2 potions of curing


   Skills:
 + Level 9.6 Fighting
 + Level 8.4 Maces & Flails
 + Level 9.6 Armour
 + Level 6.4 Dodging
 + Level 9.6 Shields


You had 10 spell levels left.
You didn't know any spells.
Your spell library contained the following spells:

 Spells                   Type           Power      Damage    Failure   Level
 Gell's Gravitas          Tloc           0%         N/A       100%        3
 Teleport Other           Tloc           0%         N/A       100%        3
 Dispersal                Tloc           0%         N/A       100%        6


Dungeon Overview and Level Annotations

Branches:
Dungeon (10/15)            Temple (1/1) D:5            Lair (0/5) D:8
    Orc: D:9-12

Altars:
Ashenzari
Cheibriados
Dithmenos
Elyvilon
Fedhas
Gozag
Hepliaklqana
Kikubaaqudgha
Makhleb
Nemelex Xobeh
Okawaru
Qazlal
Ru
Sif Muna
Trog
Uskayaw
Vehumet
Wu Jian
Xom
Yredelemnul
Zin
The Shining One

Annotations:
D:6 3 runed translucent doors, Nabski's ghost, novice TeFE


Innate Abilities, Weirdness & Mutations

You are immune to sickness and miasma.
Your stone body is resilient. (AC +8)
You are immune to poison.
You resist negative energy. (rN+)
You are resistant to electric shocks. (rElec)
You are resistant to unholy torment.
You are immune to petrification.
Your mind is acute. (Int +4, Str/Dex -1)
Your magical capacity is low. (-10% MP)
Your muscles are very strong. (Str +8, Int/Dex -2)


Message History

You completely miss the basilisk.
You are covered in liquid flames!
The basilisk gazes at you.
You are unaffected.
You puncture the basilisk!
Your morningstar "Xaxeevumm" calls out a warning!
The basilisk is heavily wounded.
You are covered in liquid flames!
* * * LOW HITPOINT WARNING * * *
You hear a howl!
You hear a bellow!
You hear an angry buzzing noise.
You hear a shout!
You hear an angry hiss.
The basilisk gazes at you. You resist with some effort.
You puncture the basilisk!
The basilisk is severely wounded.
You are covered in liquid flames!
* * * LOW HITPOINT WARNING * * *
The basilisk misses you.
You feel much better. The basilisk gazes at you. You resist with some effort.
The deep elf pyromancer gestures wildly while chanting.
You hear a howl!
You hit the basilisk.
The basilisk is severely wounded.
The fire elemental disappears in a puff of smoke!
You thump the basilisk!
The basilisk is almost dead.
You feel like a meek peon again.
The deep elf pyromancer mumbles some strange words.
The deep elf pyromancer blinks!
The basilisk bites you!
You sock the basilisk!
You kill the basilisk!
Okawaru accepts your kill.
You hit the deep elf pyromancer but do no damage.
The deep elf pyromancer casts a spell at you.
The bolt of fire misses you.
The deep elf pyromancer casts a spell at you.
The bolt of fire hits you!!
You die...

#.................
#.########)#######
### ♣♣♣.).†.♣♣♣
#♣♣♣..##'##..♣♣♣#
#.♣.♣.#...#.♣.♣.#
♣.♣♣.#####.♣♣.♣#
♣♣♣♣♣.....♣♣♣♣♣
#####♣.♣#####
♣..........@♣♣
♣.###########e♣#


..W.WlD☼EE# ########°♣# .......☼♣♣ ...### #♣.♣##### #. .....# #. .....# ##..
..... ... ...# You could see a deep elf pyromancer and 2 fire elementals.

Vanquished Creatures
  Gastronok (D:8)
  2 two-headed ogres
  An unseen horror (D:10)
  A hornet (D:8)
  A basilisk (D:10)
  9 yaks
  3 wyverns (D:8)
  A steam dragon (D:8)
  Menkaure (D:7)
  3 acid dragons
  6 water moccasins (D:8)
  Duvessa (D:6)
  4 orc warriors
  A sky beast (D:8)
  2 black bears
  An ogre (D:6)
  2 centaurs
  2 kobold brigands
  A necrophage (D:5)
  Blork the orc (D:5)
  4 bullfrogs
  A gnoll sergeant (D:7)
  5 scorpions
  18 wights
  10 killer bees
  Dowan (D:6)
  2 electric eels (D:7)
  5 howler monkeys
  A gnoll bouda (D:5)
  6 jellies
  5 orc priests
  5 hounds
  Jessica (D:2)
  5 iguanas
  4 orc wizards (D:9)
  13 adders
  19 gnolls
  4 shadow imps
  A white imp (D:5)
  3 ufetubi
  A worm (D:2)
  2 dart slugs (D:2)
  19 orcs
  6 endoplasms
  10 goblins
  10 hobgoblins
  4 jackals (D:2)
  A quokka (D:3)
  6 ball pythons
  6 bats
  16 frilled lizards
  22 kobolds
  3 rats
  A rat zombie (D:9)
264 creatures vanquished.

Vanquished Creatures (others)
  8 fungi (D:5)
  16 plants
24 creatures vanquished.

Grand Total: 288 creatures vanquished

Notes
Turn   | Place    | Note
-------+----------+-------------------------------------------
     0 | D:1      | Darius099 the Gargoyle Fighter began the quest for the Orb.
     0 | D:1      | Reached XP level 1. HP: 14/14 MP: 1/1
   161 | D:1      | Reached XP level 2. HP: 14/19 MP: 2/2
   690 | D:1      | Reached XP level 3. HP: 20/23 MP: 3/3
   989 | D:2      | Found a faded altar of an unknown god.
  1064 | D:2      | Noticed Jessica
  1091 | D:2      | Killed Jessica
  1092 | D:2      | Reached XP level 4. HP: 19/29 MP: 4/4
  2115 | D:2      | Reached XP level 5. HP: 33/33 MP: 5/5
  2138 | D:3      | Identified the +0 rapier "Ziveng" {freeze, Drain rPois
                  | Stlth+}
  2364 | D:3      | Found a broken altar of Ashenzari.
  2364 | D:3      | Found a radiant altar of Vehumet.
  2365 | D:3      | Found a white marble altar of Elyvilon.
  2365 | D:3      | Found a sparkling altar of Nemelex Xobeh.
  2688 | D:4      | Reached skill level 1 in Dodging
  2712 | D:4      | Reached XP level 6. HP: 13/39 MP: 6/6
  3613 | D:4      | Noticed a black bear
  3632 | D:4      | Killed a black bear
  3633 | D:4      | Reached XP level 7. HP: 23/44 MP: 3/7
  3684 | D:4      | Reached skill level 5 in Armour
  3684 | D:4      | Reached skill level 5 in Shields
  3944 | D:5      | Entered Level 5 of the Dungeon
  3960 | D:5      | Reached skill level 5 in Fighting
  4005 | D:5      | Found a staircase to the Ecumenical Temple.
  4027 | Temple   | Entered the Ecumenical Temple
  4062 | Temple   | Became a worshipper of Warmaster Okawaru
  4176 | D:5      | Found a shimmering blue altar of Sif Muna.
  4419 | D:5      | Found an opulent altar of Gozag.
  4515 | D:5      | Reached * piety under Okawaru
  4516 | D:5      | Reached XP level 8. HP: 47/50 MP: 8/8
  4540 | D:5      | You are sucked into a shaft and drop 3 floors!
  4570 | D:6      | Noticed Duvessa
  4571 | D:6      | Noticed Dowan
  4601 | D:6      | Killed Duvessa
  4613 | D:6      | Killed Dowan
  4815 | D:5      | Noticed Blork the orc
  4828 | D:5      | Killed Blork the orc
  5088 | D:5      | Found a glowing silver altar of Zin.
  5233 | D:6      | Reached ** piety under Okawaru
  5305 | D:6      | Reached skill level 5 in Maces & Flails
  5470 | D:6      | Found an ornate altar of the Wu Jian Council.
  5545 | D:6      | Found a runed translucent gate.
  5545 | D:6      | Noticed Nabski's ghost (novice TeFE)
  5546 | D:6      | Found a runed translucent gate.
  5547 | D:6      | Found a runed translucent gate.
  5644 | D:6      | Gained mutation: Your body sometimes deteriorates upon
                  | taking damage. [potion of mutation]
  5644 | D:6      | Gained mutation: Your body often deteriorates upon taking
                  | damage. [potion of mutation]
  5655 | D:6      | Reached XP level 9. HP: 15/56 MP: 9/9
  5705 | D:6      | HP: 1/56 [orc warrior/+0 scimitar (12)]
  5713 | D:6      | Reached *** piety under Okawaru
  5848 | D:6      | Lost mutation: Your body often deteriorates upon taking
                  | damage. [potion of mutation]
  5848 | D:6      | Lost mutation: Your body sometimes deteriorates upon taking
                  | damage. [potion of mutation]
  5848 | D:6      | Gained mutation: You are strong-willed. (Will+) [potion of
                  | mutation]
  5848 | D:6      | Gained mutation: You are clumsy. (Dex -2) [potion of
                  | mutation]
  5848 | D:6      | Gained mutation: You are very clumsy. (Dex -4) [potion of
                  | mutation]
  5848 | D:6      | Gained mutation: You possess an exceptional clarity of
                  | mind. [potion of mutation]
  5849 | D:6      | Lost mutation: You possess an exceptional clarity of mind.
                  | [potion of mutation]
  5849 | D:6      | Lost mutation: You are strong-willed. (Will+) [potion of
                  | mutation]
  5849 | D:6      | Lost mutation: You are very clumsy. (Dex -4) [potion of
                  | mutation]
  5849 | D:6      | Gained mutation: You have hidden genetic defects. [potion
                  | of mutation]
  5849 | D:6      | Gained mutation: You have a pair of small horns on your
                  | head. [potion of mutation]
  5849 | D:6      | Gained mutation: Your muscles are strong. (Str +4, Int/Dex
                  | -1) [potion of mutation]
  5849 | D:6      | Gained mutation: Your muscles are very strong. (Str +8,
                  | Int/Dex -2) [potion of mutation]
  5850 | D:6      | Lost mutation: You have hidden genetic defects. [potion of
                  | mutation]
  5850 | D:6      | Lost mutation: You have a pair of small horns on your head.
                  | [potion of mutation]
  5850 | D:6      | Lost mutation: You are clumsy. (Dex -2) [potion of
                  | mutation]
  5850 | D:6      | Gained mutation: Your magical capacity is low. (-10% MP)
                  | [potion of mutation]
  5850 | D:6      | Gained mutation: Your mind is acute. (Int +4, Str/Dex -1)
                  | [potion of mutation]
  6427 | D:7      | Noticed Menkaure
  6433 | D:7      | Killed Menkaure
  6737 | D:7      | Reached **** piety under Okawaru
  7422 | D:8      | Found a bloodstained altar of Trog.
  7510 | D:8      | Noticed a two-headed ogre
  7523 | D:8      | Killed a two-headed ogre
  7524 | D:8      | Reached XP level 10. HP: 27/64 MP: 9/9
  7739 | D:8      | Found a staircase to the Lair.
  7752 | D:8      | Reached skill level 5 in Dodging
  7808 | D:8      | Reached ***** piety under Okawaru
  7837 | D:8      | Identified the +5 morningstar "Xaxeevumm" {spect, *Noise
                  | Dex+6 SInv} (Okawaru gifted it to you on level 8 of the
                  | Dungeon)
  7837 | D:8      | Received a gift from Okawaru
  8249 | D:8      | Noticed Gastronok
  8336 | D:8      | Killed Gastronok
  8337 | D:8      | Reached XP level 11. HP: 44/71 MP: 9/9
  8798 | D:9      | Received a gift from Okawaru
  9254 | D:9      | Found an ancient bone altar of Kikubaaqudgha.
  9319 | D:10     | Entered Level 10 of the Dungeon
  9475 | D:10     | Noticed a two-headed ogre
  9482 | D:10     | Killed a two-headed ogre
  9578 | D:10     | Noticed a deep elf pyromancer
  9600 | D:10     | Killed from afar by a deep elf pyromancer

Illustrated notes

Levels and vault maps discovered:
D:1:      dpeg_arrival_solitude, layout_loops_corners, serial_forest,
          infiniplex_forest_fountain, infiniplex_forest_clump_large,
          infiniplex_forest_clump_small, infiniplex_forest_lined_corner,
          infiniplex_forest_lined_1, infiniplex_forest_straight_4
D:2:      layout_basic, shapermc_ecumenical_altar_mp_vishouse, uniq_jessica
D:3:      layout_rooms, chequers_temple_overflow_statue_of_worship,
          nicolae_concentric_dashed_squares_wild
D:4:      kennysheep_spiral_hall, layout_cave_pods, minmay_lizard_king
D:5:      layout_loops_ring, pdpol_temple_overflow_zin_treasury_gozag_greed,
          mainiacjoe_overflow_cross_hatched, temple_pool_b, st_stairs_6,
          uniq_blork_the_orc
D:6:      layout_basic, nicolae_wu_jian_wuxing_cycle,
          biasface_ghost_orc_armoury, minmay_pentangle, uniq_duvessa
D:7:      layout_loops_ring, serial_bayou_lake_a, uniq_menkaure
D:8:      layout_loops_ring, trog_butcher_becter, minmay_lair_entry_grove,
          uniq_gastronok
D:9:      layout_rooms, lemuel_zombie_altar_kikubaaqudgha, billiards_dpeg
D:10:     nzn_winding_woodlands_three_and_one [nzn_winding_woodlands_5x15_cabin,
          nzn_winding_woodlands_5x15_longhouse,
          nzn_winding_woodlands_5x15_sidewinder,
          nzn_winding_woodlands_center_pierced_h], layout_loops_ring
Temple:   pdpol_scorched_temple

Skill      XL: |  1  2  3  4  5  6  7  8  9 10 11 |
---------------+----------------------------------+-----
Shields        | 4 5 6 7 9 |  9.6
Fighting       | 4 5 6 7 9 |  9.6
Armour         | 4 5 6 7 9 |  9.6
Maces & Flails | 3 4 5 6 7 8 |  8.4
Dodging        | 1 2 3 4 5 6 |  6.4

Action                     |  1- 3 |  4- 6 |  7- 9 | 10-12 || total
---------------------------+-------+-------+-------+-------++-------
  Melee: Flail             |    87 |   281 |   428 |   106 ||   902
         Morningstar       |       |       |       |   154 ||   154
 Invoke: Heroism           |       |       |       |     1 ||     1
    Use: Potion            |       |       |     9 |     4 ||    13
         Scroll            |       |       |     9 |       ||     9
   Stab: Distracted        |       |       |       |     1 ||     1
 Armour: Scale mail        |    37 |   193 |       |       ||   230
         Chain mail        |       |    47 |    96 |       ||   143
         Plate armour      |       |       |   185 |   147 ||   332
  Dodge: Dodged            |    34 |   163 |   215 |   127 ||   539
  Block: Buckler           |    16 |    88 |   107 |    92 ||   303

Table legend: (Time is in decaauts)
 A = Elapsed time spent in this place.
 B = Non-inter-level travel time spent in this place.
 C = Inter-level travel time spent in this place.
 D = Time resting spent in this place.
 E = Time spent auto-exploring this place.
 F = Levels seen in this place.
 G = Mean time per level.
                   A        B        C        D        E       F      G
               +--------+--------+--------+--------+--------+-----+--------+
         Total |   9810 |   9661 |    149 |   1328 |   4770 |  11 |  891.8 |
       Dungeon |   9764 |   9615 |    149 |   1328 |   4757 |  10 |  976.4 |
        Temple |     46 |     46 |      0 |      0 |     13 |   1 |   46.0 |
               +--------+--------+--------+--------+--------+-----+--------+

Top non-repeatable levels by time:
     D:8: 1506 daAuts
     D:4: 1328 daAuts
     D:6: 1292 daAuts
     D:2: 1247 daAuts
     D:5: 1153 daAuts
     D:1: 918 daAuts
     D:7: 885 daAuts
     D:9: 588 daAuts
     D:3: 560 daAuts
    D:10: 282 daAuts
  Temple: 46 daAuts
